 Dungeon Sprint DCSS version 0.28.0-53-g5a82cb258f (webtiles) character file.

Game seed: 9943497039423078703

4500000 Zeld the Intangible (level 22, -47/194 HPs)
             Began as a Djinni Monk on June 5, 2022.
             Was the Champion of Makhleb.
             Annihilated by a sculptor of flesh
             ... wielding a +9 great sword
              (208 damage)
             ... in the Dungeon (Sprint VIII: "Arena of Blood").
             The game lasted 00:01:21 (45 turns).

Zeld the Intangible (Djinni Monk)                     Turns: 45, Time: 00:01:22

Health: -47/194    AC:  2    Str: 18    XL:     22   Next: 99%
Gold:   0          EV: 29    Int: 14    God:    Makhleb [******] SH:  0 Dex: 17

rFire   + + .      SeeInvis .   g - +∞ Axe of Woe
rCold   x . .      Faith    .   (shield currently unavailable)
rNeg    . . .      Spirit   .   a - +0 robe
rPois   ∞          Reflect  .   (no helmet)
rElec   .          Harm     .   (no cloak)
rCorr   .          Rampage  .   (no gloves)
Will    ++...      NoTele   +   (boots unavailable)
Stlth   ++++++++++              (no amulet)
HPRegen 0.42/turn               (no ring)
MPRegen 0.00/turn               (no ring)

@: flying, slowed, very slow
A: sickness immunity, fire resistance 2, cold vulnerability 1, float, innate
caster, HP casting, extra vitality 1
a: Renounce Religion, Minor Destruction, Lesser Servant of Makhleb, Major
Destruction, Greater Servant of Makhleb


You were in the Dungeon.
You worshipped Makhleb.
Makhleb was exalted by your worship.
You visited 1 branch

Inventory:

Hand Weapons
 g - the +∞ Axe of Woe (weapon)
   (You found it in the Dungeon)
Armour
 a - a +0 robe (worn)
Scrolls
 f - a scroll of blinking
Potions
 b - a potion of curing
 c - a potion of heal wounds
 d - a potion of haste
 e - a potion of berserk rage


   Skills:
 O Level 27 Fighting
 + Level 9.1(10.8) Short Blades
 + Level 9.1(10.8) Long Blades
 O Level 27 Axes
 + Level 8.3(20.1) Maces & Flails
 + Level 8.3(20.1) Polearms
 + Level 8.6(11.8) Staves
 + Level 7.8(9.3) Slings
 + Level 7.8 Bows
 + Level 7.8 Crossbows
 + Level 7.8(9.3) Throwing
 + Level 9.4 Armour
 O Level 27 Dodging
 O Level 27 Stealth
 + Level 9.4 Shields
 O Level 27 Unarmed Combat
 O Level 27 Spellcasting
 O Level 27 Invocations
 + Level 9.4 Evocations


You had 30 spell levels left.
You knew the following spells:

 Your Spells              Type           Power      Damage    Failure   Level
a - Summon Small Mammal   Summ           100%       N/A       0%          1
b - Scorch                Fire           100%       2d10      0%          2
c - Gell's Gravitas       Tloc           76%        N/A       0%          3
d - Animate Dead          Necr           38%        N/A       0%          4
e - Flame Wave            Conj/Fire      76%        2d14      0%          4
f - Alistair's Intoxicat  Tmut/Pois      50%        N/A       0%          5
g - Conjure Ball Lightni  Conj/Air       38%        3x3d12    0%          6
h - Spellforged Servitor  Conj/Summ      38%        N/A       1%          7
i - Eringya's Noxious Bo  Tmut/Pois      38%        N/A       0%          6
j - Monstrous Menagerie   Summ           38%        N/A       1%          7
Your spell library was empty.

Dungeon Overview and Level Annotations

Branches:
Dungeon (1/1)

Altars:
Makhleb


Innate Abilities, Weirdness & Mutations

You are immune to sickness and miasma.
You are immune to poison.
Your flesh is very heat resistant. (rF++)
You are vulnerable to cold. (rC-)
You float through the air rather than walking.
You learn spells naturally, not from books.
Your magical power is your life essence.
You have superior vitality. (+4 MHP)


Message History

Unknown command.
Press < or > to pray at altars.
You slice the bag of meat like a ripe choko!!!
You fatally mangle the bag of meat.
You kill the bag of meat!
Makhleb accepts your kill.
You slice the meat berserker!!
You cleave the meat berserker in twain.
You kill the meat berserker!
Makhleb accepts your kill.
You hear a shout! x3
The sculptor of flesh is engulfed in blazing flames.
You hear a shout! x3
The meat berserker hits you with a +9 battleaxe!!!!
You hear a shout! x3; You hear two shouts! x2; You hear a shout!
You hear two shouts!
You hear a shout!
Your base Short Blades skill gained 2 levels and is now at level 9!
Your base Long Blades skill gained 2 levels and is now at level 9!
Your base Maces & Flails skill gained 2 levels and is now at level 8!
Your base Polearms skill gained 2 levels and is now at level 8!
Your base Staves skill increases to level 8!
Your base Slings skill increases to level 7!
Your Bows skill increases to level 7!
Your Crossbows skill increases to level 7!
Your base Throwing skill increases to level 7!
Your Armour skill gained 2 levels and is now at level 9!
Your Shields skill gained 2 levels and is now at level 9!
Your Evocations skill gained 2 levels and is now at level 9!
You hit the meat berserker.
You slaughter the meat berserker joyfully.
You kill the meat berserker!
Makhleb accepts your kill.
You feel better.
You hear a shout! x2
The sculptor of flesh is engulfed in blazing flames.
You hear a shout! x4
A bag of meat comes into view. It is wielding a +9 war axe.
You hear a shout!
The sculptor of flesh hits you with a +9 great sword!!!!!
Ouch! That really hurt!
You die...

.. .. ..... ..
#... o# . #...
..# ..###...
..###.
......###......
......)_.......
....#))○).#....
. #@z<°_# .
#)§°)§#
....._°°....
......###......
..###.zo ..###.
. #.o. ..# #...
..# ..... ..


You could see 2 sculptors of flesh and 2 bags of meat.

Vanquished Creatures
  A royal mummy (D)
  3 vampire knights (D)
  11 ogres (D)
  2 two-headed ogres (D)
  26 orcs (D)
43 creatures vanquished.

Vanquished Creatures (others)
  3 ball lightnings (D)
3 creatures vanquished.

Grand Total: 46 creatures vanquished

Notes
Turn   | Place    | Note
-------+----------+-------------------------------------------
     0 | D        | Found the +∞ Axe of Woe
     0 | D        | Zeld the Djinni Monk began the quest for the Orb.
     0 | D        | Reached XP level 1. HP: 20/20 MP: 0/0
     2 | D        | Noticed a meat berserker
     4 | D        | Killed a meat berserker
     4 | D        | Noticed a bag of meat
     5 | D        | Reached XP level 2. HP: 46/46 MP: 0/0
     5 | D        | Reached XP level 3. HP: 51/51 MP: 0/0
     5 | D        | Learned a level 1 spell: Summon Small Mammal
     5 | D        | Reached XP level 4. HP: 58/58 MP: 0/0
     5 | D        | Reached XP level 5. HP: 64/64 MP: 0/0
     5 | D        | Learned a level 2 spell: Scorch
     5 | D        | Reached XP level 6. HP: 70/70 MP: 0/0
     5 | D        | Reached XP level 7. HP: 76/76 MP: 0/0
     5 | D        | Learned a level 3 spell: Gell's Gravitas
     5 | D        | Reached XP level 8. HP: 82/82 MP: 0/0
     5 | D        | Reached XP level 9. HP: 88/88 MP: 0/0
     5 | D        | Learned a level 4 spell: Animate Dead
     5 | D        | Reached XP level 10. HP: 94/94 MP: 0/0
     5 | D        | Reached XP level 11. HP: 100/100 MP: 0/0
     5 | D        | Learned a level 4 spell: Flame Wave
     5 | D        | Reached XP level 12. HP: 106/106 MP: 0/0
     5 | D        | Became a worshipper of Makhleb the Destroyer
     5 | D        | Reached * piety under Makhleb
     5 | D        | Reached ** piety under Makhleb
     6 | D        | Noticed a bag of meat
     6 | D        | Noticed a bag of meat
     7 | D        | Noticed a meat berserker
     7 | D        | Noticed a bag of meat
     8 | D        | Noticed a meat berserker
     9 | D        | Killed a bag of meat
    10 | D        | Reached skill level 5 in Axes
    10 | D        | Reached XP level 13. HP: 79/115 MP: 0/0
    10 | D        | Learned a level 5 spell: Alistair's Intoxication
    10 | D        | Noticed a bag of meat
    10 | D        | Killed a bag of meat
    10 | D        | Killed a meat berserker
    10 | D        | Noticed a meat berserker
    10 | D        | Noticed a bag of meat
    11 | D        | Reached XP level 14. HP: 50/126 MP: 0/0
    11 | D        | Killed a bag of meat
    11 | D        | Reached *** piety under Makhleb
    11 | D        | Killed a meat berserker
    11 | D        | Noticed a bag of meat
    12 | D        | Reached XP level 15. HP: 38/135 MP: 0/0
    12 | D        | Learned a level 6 spell: Conjure Ball Lightning
    12 | D        | Reached **** piety under Makhleb
    12 | D        | Killed a meat berserker
    13 | D        | Reached XP level 16. HP: 94/145 MP: 0/0
    13 | D        | Noticed a meat berserker
    16 | D        | Noticed a meat berserker
    17 | D        | Noticed a destroyer
    18 | D        | Killed a meat berserker
    18 | D        | Reached ***** piety under Makhleb
    18 | D        | Noticed a meat berserker
    19 | D        | Reached skill level 15 in Spellcasting
    19 | D        | Reached XP level 17. HP: 155/155 MP: 0/0
    19 | D        | Learned a level 7 spell: Spellforged Servitor
    21 | D        | Killed a meat berserker
    21 | D        | Noticed a destroyer
    22 | D        | Reached skill level 27 in Dodging
    23 | D        | Killed a destroyer
    23 | D        | Killed a meat berserker
    23 | D        | Noticed a meat berserker
    24 | D        | Reached skill level 27 in Fighting
    24 | D        | Reached XP level 18. HP: 167/167 MP: 0/0
    25 | D        | Reached ****** piety under Makhleb
    26 | D        | Noticed a large bag of meat
    26 | D        | Noticed a large bag of meat
    28 | D        | Noticed a meat berserker
    29 | D        | Noticed a destroyer
    30 | D        | Killed a meat berserker
    31 | D        | Reached skill level 27 in Invocations
    31 | D        | Reached XP level 19. HP: 174/174 MP: 0/0
    31 | D        | Learned a level 6 spell: Eringya's Noxious Bog
    31 | D        | HP: 4/174 [destroyer/+9 vorpal great sword (34)]
    32 | D        | Killed a destroyer
    32 | D        | Killed a destroyer
    33 | D        | Reached skill level 27 in Axes
    33 | D        | Reached XP level 20. HP: 72/181 MP: 0/0
    34 | D        | Killed a large bag of meat
    34 | D        | Killed a meat berserker
    35 | D        | Reached skill level 27 in Spellcasting
    37 | D        | Killed a large bag of meat
    38 | D        | Reached skill level 27 in Unarmed Combat
    38 | D        | Reached XP level 21. HP: 176/187 MP: 0/0
    38 | D        | Learned a level 7 spell: Monstrous Menagerie
    39 | D        | Noticed a meat berserker
    41 | D        | Noticed an accursed
    41 | D        | Killed an accursed
    42 | D        | Reached skill level 27 in Stealth
    42 | D        | Reached XP level 22. HP: 194/194 MP: 0/0
    42 | D        | Noticed a meat berserker
    43 | D        | Reached skill level 5 in Armour
    43 | D        | Reached skill level 5 in Shields
    43 | D        | Reached skill level 5 in Evocations
    44 | D        | Killed a meat berserker
    45 | D        | Killed a meat berserker
    45 | D        | Annihilated by a sculptor of flesh

Illustrated notes

Levels and vault maps discovered:
D:        meatsprint

Skill      XL: |  1  2  3  4  5  6  7  8  9 10 11 12 13 14 15 16 17 18 19 20 21 22 |
---------------+-------------------------------------------------------------------+-----
Fighting       | 17 18 20 21 23 24 27 | 27.0
Dodging        | 18 19 22 23 25 26 27 | 27.0
Unarmed Combat | 17 27 | 27.0
Axes           | 5 9 12 14 16 20 23 27 | 27.0
Spellcasting   | 4 8 11 13 15 19 21 25 27 | 27.0
Invocations    | 6 11 14 16 19 24 27 | 27.0
Stealth        | 12 27 | 27.0
Short Blades   | 9 |  9.1
Long Blades    | 9 |  9.1
Maces & Flails | 8 |  8.3
Polearms       | 8 |  8.3
Staves         | 8 |  8.6
Slings         | 7 |  7.8
Bows           | 7 |  7.8
Crossbows      | 7 |  7.8
Throwing       | 7 |  7.8
Armour         | 9 |  9.4
Shields        | 9 |  9.4
Evocations     | 9 |  9.4

Action                   |  1- 3 |  4- 6 |  7- 9 | 10-12 | 13-15 | 16-18 | 19-21 | 22-24 || total
-------------------------+-------+-------+-------+-------+-------+-------+-------+-------++-------
Melee: Executioner's axe |     1 |       |       |     1 |     3 |     7 |     4 |     4 ||    20
 Cast: Alistair's Intoxi |       |       |       |       |       |     1 |       |       ||     1
       Spellforged Servi |       |       |       |       |       |     1 |       |       ||     1
       Conjure Ball Ligh |       |       |       |       |       |     1 |       |       ||     1
       Eringya's Noxious |       |       |       |       |       |       |     1 |       ||     1
       Monstrous Menager |       |       |       |       |       |       |     1 |       ||     1
Dodge: Dodged            |       |       |       |       |     1 |     2 |       |       ||     3
